 Dungeon Crawl Stone Soup version 0.26-a0-778-g3fe0686644 (webtiles) character file.

Game seed: 5983351875055393564

481 LufLufFighter the Changer (level 7, -7/53 HPs)
             Began as a Merfolk Transmuter on Nov 11, 2020.
             Mangled by an ogre
             ... wielding a +0 giant spiked club
              (31 damage)
             ... on level 4 of the Dungeon.
             The game lasted 00:09:44 (5023 turns).

LufLufFighter the Changer (Merfolk Transmuter)      Turns: 5023, Time: 00:09:45

Health: -7/53      AC:  4    Str: 13    XL:     7   Next: 12%
Magic:  7/12       EV: 13    Int: 12    God:
Gold:   204        SH:  0    Dex: 14    Spells: 3/13 levels left

rFire    . . .     SeeInvis .     - Unarmed
rCold    . . .     Faith    .   (no shield)
rNeg     . . .     Spirit   .   a - +0 robe
rPois    .         Reflect  .   (no helmet)
rElec    .         Harm     .   (no cloak)
rCorr    .         Rampage  .   m - +0 pair of gloves
MR       .....                  s - +0 pair of boots
Stlth    +.........             (no amulet)
HPRegen  0.17/turn              p - ring of flight
MPRegen  0.13/turn              (no ring)

@: no status effects
A: change form in water, swift swim, stealthy swim
a: Evoke Flight


You were on level 4 of the Dungeon.
You visited 1 branch of the dungeon, and saw 4 of its levels.

You collected 204 gold pieces.

Inventory:

Armour
 a - a +0 robe (worn)
 m - a +0 pair of gloves (worn)
 s - a +0 pair of boots (worn)
Jewellery
 p - a ring of flight (left hand)
Wands
 q - a wand of flame (14)
Scrolls
 b - 3 scrolls of remove curse {unknown}
 c - 3 scrolls of fear {unknown}
 d - 2 scrolls of random uselessness {unknown}
 e - 3 scrolls of identify {unknown}
 f - 2 scrolls of enchant weapon {unknown}
 g - a scroll of blinking {unknown}
 j - a scroll of magic mapping {unknown}
 l - a scroll of fog {unknown}
 r - a scroll of noise {unknown}
Potions
 h - 3 potions of attraction {unknown}
 i - 2 potions of berserk rage {unknown}
 k - a potion of curing
 n - a potion of heal wounds {unknown}
 o - a potion of might {unknown}


   Skills:
 * Level 3.8 Fighting
 - Level 2.6 Dodging
 - Level 3.2 Unarmed Combat
 * Level 3.7 Spellcasting
 * Level 5.3 Transmutations
 * Level 2.2 Ice Magic
 * Level 3.0 Poison Magic


You had 3 spell levels left.
You knew the following spells:

 Your Spells              Type           Power        Failure   Level
a - Beastly Appendage     Tmut           ###...       2%          1
b - Wereblood             Tmut           ###.....     3%          2
c - Spider Form           Tmut/Pois      ##........   12%         3
d - Ice Form              Ice/Tmut       ##......     43%         4

Your spell library contained the following spells:

 Spells                   Type           Power        Failure   Level
 Blade Hands              Tmut           ###.......   56%         5


Dungeon Overview and Level Annotations

Branches:
Dungeon (4/15)
 Temple: D:4-7

Altars:
Yredelemnul


Message History

The orc wizard looks as sick as possible!
The orc wizard is moderately wounded.
A howler monkey zombie comes into view.
You hit the orc wizard.
The orc wizard is heavily wounded.
The orc wizard drinks a potion.
The orc wizard is healed!
The orc wizard looks more healthy.
You hit the orc wizard.
The orc wizard is poisoned.
The orc wizard is severely wounded.
The orc wizard barely misses you.
You bite the orc wizard!
You kill the orc wizard!
You hit the ogre but do no damage.
Your transformation has ended.
Your +0 pair of gloves unmelds from your body.
Your +0 pair of boots unmelds from your body.
Your +0 robe unmelds from your body.
The ogre hits you with a +0 giant spiked club!!
Ouch! That really hurt!
You die...

#..# ########## .o#. ###
#........#### ... ..#
###.#####...... #.. #.#
#..........####
#.###.####......##..####
.#o##..o........#.....†.....
...o....o..............#####
.#.######)######.#.....##
#.O@.....#......#
##########......# #####..#
#.## #÷# ####.# #....#
#.#### #....###


You could see an ogre and 2 orcs.

Vanquished Creatures
  An ogre (D:4)
  2 orc priests
  5 orc wizards
  A worker ant (D:4)
  A hound zombie (D:4)
  A worker ant zombie (D:4)
  A howler monkey skeleton (D:4)
  4 adders
  An ooze (D:3)
  An adder skeleton (D:4)
  A dart slug (D:3)
  3 leopard geckos
  5 orcs
  2 giant cockroaches
  8 goblins
  8 hobgoblins
  15 jackals
  A quokka (D:2)
  2 ball pythons
  8 bats
  5 frilled lizards
  8 kobolds
  2 leopard gecko zombies (D:4)
  5 rats
91 creatures vanquished.

Vanquished Creatures (others)
  4 withered plants (D:4)
4 creatures vanquished.

Grand Total: 95 creatures vanquished

Notes
Turn   | Place    | Note
-------+----------+-------------------------------------------
     0 | D:1      | LufLufFighter the Merfolk Transmuter began the quest for
                  | the Orb.
     0 | D:1      | Reached XP level 1. HP: 15/15 MP: 3/3
   252 | D:1      | Reached skill level 3 in Transmutations
   252 | D:1      | Reached XP level 2. HP: 6/21 MP: 5/5
   257 | D:1      | HP: 1/21 [goblin/+0 club (2)]
   263 | D:1      | Learned a level 2 spell: Wereblood
  1044 | D:1      | Reached XP level 3. HP: 27/27 MP: 3/6
  1049 | D:1      | Learned a level 3 spell: Spider Form
  2024 | D:2      | Found a basalt altar of Yredelemnul.
  2076 | D:2      | Reached XP level 4. HP: 25/33 MP: 6/8
  2169 | D:2      | Reached skill level 1 in Poison Magic
  2177 | D:2      | Reached skill level 4 in Transmutations
  2639 | D:2      | Reached XP level 5. HP: 39/39 MP: 5/9
  2652 | D:2      | Learned a level 4 spell: Ice Form
  4556 | D:4      | Reached skill level 1 in Ice Magic
  4565 | D:4      | Reached XP level 6. HP: 41/47 MP: 8/10
  4795 | D:4      | Reached skill level 5 in Transmutations
  5017 | D:4      | Reached XP level 7. HP: 23/53 MP: 6/12
  5023 | D:4      | Mangled by an ogre

Illustrated notes

Levels and vault maps discovered:
D:1:      kilobyte_arrival_exit_the_forest, layout_rooms
D:2:      layout_basic, lemuel_crystal_altar
D:3:      layout_loops_corners
D:4:      layout_loops_ring, marbit_many_paths, serial_undead, serial_undead_a,
          serial_undead_f, serial_undead_d, serial_undead_a, serial_undead_a,
          serial_undead_a, serial_undead_c, serial_undead_f

Skill      XL: |  1  2  3  4  5  6 |
---------------+-------------------+-----
Transmutations | 3 4 5 |  5.3
Fighting       | 2 3 |  3.8
Poison Magic   | 1 2 3 |  3.0
Spellcasting   | 3 |  3.7
Ice Magic      | 1 2 |  2.2
Dodging        | |  2.6
Unarmed Combat | |  3.2

Action                   |  1- 3 |  4- 6 |  7- 9 || total
-------------------------+-------+-------+-------++-------
Melee: Unarmed           |   111 |   191 |     6 ||   308
       Headbutt          |    13 |     6 |       ||    19
       Punch             |     3 |     1 |       ||     4
 Cast: Beastly Appendage |    27 |    14 |       ||    41
       Spider Form       |       |    15 |       ||    15
 Stab: Sleeping          |     1 |       |       ||     1
Armor: Robe              |     8 |    21 |       ||    29
       Skin              |       |     5 |       ||     5
Dodge: Dodged            |    99 |   156 |     2 ||   257

Table legend: (Time is in decaauts)
 A = Elapsed time spent in this place.
 B = Non-inter-level travel time spent in this place.
 C = Inter-level travel time spent in this place.
 D = Time resting spent in this place.
 E = Time spent auto-exploring this place.
 F = Levels seen in this place.
 G = Mean time per level.
                   A        B        C        D        E       F      G
               +--------+--------+--------+--------+--------+-----+--------+
         Total |   4998 |   4893 |    105 |   1279 |   2921 |   4 | 1249.5 |
       Dungeon |   4998 |   4893 |    105 |   1279 |   2921 |   4 | 1249.5 |
               +--------+--------+--------+--------+--------+-----+--------+

Top non-repeatable levels by time:
     D:1: 2354 daAuts
     D:2: 1087 daAuts
     D:3: 1012 daAuts
     D:4: 543 daAuts
